 Dungeon Crawl Stone Soup version 0.30-a0-778-g2ef04afb54 (webtiles) character file.

Game seed: 3468076085229136044

125070 Pooter the Severer (level 16, -6/144 HPs)
             Began as a Minotaur Berserker on Feb 14, 2023.
             Was a High Priest of Trog.
             Mangled by a merfolk
             ... wielding a +0 trident
              (8 damage)
             ... on level 1 of the Shoals on Feb 15, 2023.
             The game lasted 03:00:47 (39447 turns).

Pooter the Severer (Minotaur Berserker)            Turns: 39447, Time: 03:00:48

Health: -6/144     AC: 27    Str: 26    XL:     16   Next: 40%
Magic:  15/15      EV:  8    Int:  4    God:    Trog [*****.]
Gold:   1208       SH:  5    Dex: 20    Spells: 15/15 levels left

rFire   + . .      SeeInvis +    a - +3 executioner's axe (heavy)
rCold   + . .      Faith    .    (shield currently unavailable)
rNeg    . . .      Spirit   .    N - +7 plate armour of the Three Servitors {Slay+3}
rPois   .          Reflect  +    Q - +1 hat
rElec   .          Harm     .    S - scarf {rC+ rF+}
rCorr   .          Rampage  +    Y - +1 pair of gloves
Will    +++..                    L - +1 pair of boots {rampage} Stlth
                                 W - amulet of reflection
HPRegen 1.44/turn                O - ring of flight
MPRegen 0.14/turn                s - ring "Taecuaff" {+Blink Dex+6 Slay+5 SInv}

@: strong-willed, flying, mesmerised, regenerating
A: horns 2, retaliatory headbutt
a: Renounce Religion, Evoke Blink, Berserk, Trog's Hand, Brothers in Arms


You were on level 1 of the Shoals.
You worshipped Trog.
Trog was extremely pleased with you.
You visited 4 branches of the dungeon, and saw 23 of its levels.
You also visited: Ice Cave.

You collected 2893 gold pieces.
You spent 1685 gold pieces at shops.

Inventory:

Hand Weapons
 a - a +3 heavy executioner's axe (weapon)
   (Trog gifted it to you in an ice cave)
 b - a +3 arbalest of flaming
   (You took it off an orc knight on level 1 of the Orcish Mines)
 j - a +3 heavy battleaxe
   (You took it off an orc high priest on level 2 of the Orcish Mines)
 P - a +1 heavy mace
   (You took it off an orc on level 8 of the Dungeon)
Missiles
 n - 6 silver boomerangs
 C - 43 poisoned darts
 E - 2 atropa-tipped darts
 K - 16 boomerangs (quivered)
 M - 7 javelins
 X - 7 curare-tipped darts
Armour
 L - a +1 pair of boots of rampaging (worn)
   (You found it on level 14 of the Dungeon)
 N - the +7 plate armour of the Three Servitors (worn) {Slay+3}
   (You acquired it on level 8 of the Dungeon)

   Slay:      It affects your accuracy & damage with ranged weapons and melee
   (+3).
 Q - a +1 hat (worn)
   (You found it on level 10 of the Dungeon)
 S - a scarf of resistance (worn)
   (You found it on level 5 of the Lair of Beasts)
 V - a +2 cloak of preservation
   (You found it on level 1 of the Dungeon)
 Y - a +1 pair of gloves (worn)
   (You found it in an ice cave)
Jewellery
 i - a +4 ring of protection
   (You found it on level 12 of the Dungeon)
 q - a +6 ring of strength
   (You found it on level 1 of the Lair of Beasts)
 s - the ring "Taecuaff" (right hand) {+Blink Dex+6 Slay+5 SInv}
   (You bought it in a shop on level 11 of the Dungeon)

   [ring of see invisible]

   Dex:       It affects your dexterity (+6).
   Slay:      It affects your accuracy & damage with ranged weapons and melee
   (+5).
   SInv:      It lets you see invisible.
   +Blink:    It lets you blink.
 x - a ring of fire
   (You found it on level 4 of the Dungeon)
 A - a +5 ring of evasion
   (You found it on level 10 of the Dungeon)
 G - a +4 ring of protection
   (You found it on level 6 of the Dungeon)
 I - a ring of protection from cold
   (You found it on level 9 of the Dungeon)
 O - a ring of flight (left hand)
   (You took it off an orc wizard on level 8 of the Dungeon)
 W - an amulet of reflection (around neck)
   (You found it on level 4 of the Dungeon)
Wands
 d - a wand of iceblast (13)
   (You bought it in a shop on level 2 of the Orcish Mines)
 f - a wand of flame (22)
   (You found it on level 9 of the Dungeon)
 u - a wand of paralysis (18)
   (You took it off Grum on level 8 of the Dungeon)
 y - a wand of polymorph (16)
   (You took it off Dowan on level 5 of the Dungeon)
 D - a wand of digging (13)
   (You found it on level 1 of the Lair of Beasts)
 R - a wand of mindburst (7)
   (You found it on level 7 of the Dungeon)
Scrolls
 h - 5 scrolls of magic mapping
 k - 3 scrolls of fear
 p - a scroll of butterflies
 r - 5 scrolls of immolation {!r}
 t - 8 scrolls of teleportation {@r4}
 v - 7 scrolls of noise {!r}
 w - 4 scrolls of fog
 B - a scroll of blinking
 J - a scroll of poison {!r}
 U - a scroll of silence
Potions
 c - 2 potions of flight
 e - 2 potions of resistance
 g - 7 potions of mutation {!q}
 l - 8 potions of lignification {!q}
 m - 11 potions of curing {@q1}
 o - a potion of cancellation
 z - a potion of might
 F - a potion of haste {@q3}
 H - a potion of attraction {!q}
 T - 3 potions of heal wounds {@q2}
Miscellaneous
 Z - a piece from Xom's chessboard (15/15)
   (You found it on level 5 of the Lair of Beasts)


   Skills:
 + Level 13.6 Fighting
 * Level 18.7(19.4) Axes
 - Level 9.1(15.0) Polearms
 * Level 16.7 Ranged Weapons
 + Level 4.3 Throwing
 + Level 9.8 Armour
 - Level 2.1 Dodging
 - Level 9.4 Stealth
 - Level 8.4 Evocations


You had 15 spell levels left.
You didn't know any spells.
Your spell library was empty.

Dungeon Overview and Level Annotations

Branches:
Dungeon (15/15)            Temple (0/1) D:4            Lair (5/5) D:9
 Shoals (1/4) Lair:3        Snake (0/4) Lair:3        Slime (0/5) Lair:4
    Orc (2/2) D:9             Elf (0/3) Orc:2        Vaults (0/5) D:13
 Depths (0/4) D:15          IceCv (visited)

Altars:
Cheibriados
Elyvilon
Gozag
Makhleb
Okawaru
Qazlal
Ru
Sif Muna
Trog
Uskayaw
Vehumet
Wu Jian
Xom
Zin
The Shining One

Shops:
D:5 ?   D:11 =   D:12 :   Orc:2 (:*[(


Innate Abilities, Weirdness & Mutations

You have a pair of horns on your head.
You reflexively headbutt those who attack you in melee.


Message History

You headbutt the sea snake.
You kill the sea snake!
Trog accepts your kill.
You miss the sea snake.
You feel extremely sick.
The sea snake bites you but does no damage.
The merfolk siren chants its luring song.
The centaur warrior shoots an arrow.
The arrow hits you but does no damage. The sea snake closely misses you.
You chop the sea snake into pieces!!! Your headbutt misses the sea snake.
You feel very sick.
The centaur warrior shoots an arrow.
You reflect the arrow off an invisible shield around you!
The arrow hits the centaur warrior!!
The merfolk avatar chants a haunting song.
You resist with some effort. The sea snake bites you.
* * * LOW HITPOINT WARNING * * *
You are more poisoned.
The sea snake poisons you!
The merfolk siren chants its luring song.
Unknown command.
You slash the sea snake!
* * * LOW HITPOINT WARNING * * *
You feel extremely sick. The sea snake bites you!
* * * LOW HITPOINT WARNING * * *
The centaur warrior shoots an arrow.
The arrow hits you!
* * * LOW HITPOINT WARNING * * *
The sea snake bites you but does no damage.
The merfolk avatar chants a haunting song.
The merfolk siren chants its luring song.
You cut the sea snake into ribbons!!!
You kill the sea snake!
Trog accepts your kill.
* * * LOW HITPOINT WARNING * * *
You feel extremely sick.
The merfolk avatar chants its luring song.
The merfolk siren chants its luring song.
The sea snake barely misses you. You furiously retaliate!
You headbutt the sea snake!
The merfolk avatar chants its luring song.
The merfolk hits you from afar with a +0 trident.
* * * LOW HITPOINT WARNING * * *
You feel better.
The pull of its song draws you forwards.
The centaur warrior shoots an arrow.
The arrow hits you!
* * * LOW HITPOINT WARNING * * *
The merfolk siren chants its luring song.
The merfolk hits you with a +0 trident!
You die...

~~~..~~...##...
~....~~~..~.....
~...~~....m.~....
≈≈≈...~~..~~.......
≈≈≈~...~~~~~.....~..
≈≈≈≈~..~~~~~...~~~~.
≈≈≈≈≈≈≈~.~~......P~~P
≈≈≈≈≈≈≈~..~Sc...#..~>
≈≈≈≈≈~~~~..@.....P~P.
≈≈≈≈≈~~~~...mm..~~~~.
≈≈≈≈≈~~~..).....P~~~.
≈≈≈≈≈~...##P..PP~~~P.
≈≈≈≈≈~....##..~..~~P.
≈≈≈≈≈~.<.P##.....~~..
~≈≈≈≈~~.P.###.~..~~..
≈≈≈≈≈≈≈~....PPP..~~/.
≈≈≈≈≈≈≈PP..PP~~.P.~~>


You could see a merfolk avatar (mesmerising), a sea snake, a merfolk, a centaur
warrior and a merfolk siren (mesmerising).

Vanquished Creatures
  An azure jelly (shapeshifter) (D:15)
  The ghost of TheSexyCheese the Fighter, a journeyman GrFi of Gozag (D:14)
  A reaper (IceCv)
  An ettin (D:15)
  Fannar (Lair:1)
  A fire dragon (D:14)
  Harold (D:11)
  3 hydras
  An ice dragon (Lair:5)
  2 boulder beetles
  An ogre mage (Orc:2)
  3 two-headed ogres
  8 centaur warriors
  17 death yaks
  2 tengu warriors (D:15)
  The ghost of mandoloar the Destroyer, a novice DrCj of Vehumet (D:9)
  10 orc high priests
  2 fire crabs (Lair:1)
  5 skeletal warriors (D:13)
  3 deep trolls
  A skyshark (Lair:5)
  2 sea snakes (Shoals:1)
  4 deep elf pyromancers
  Pikel (D:7)
  2 necromancers (D:15)
  2 lindwurms (Lair:5)
  2 harpies (Lair:3)
  A wizard (D:13)
  A deep elf zephyrmancer (D:13)
  10 orc knights
  6 orc sorcerers
  2 wolf spiders (Lair:5)
  7 cyclopes
  6 manticores
  13 ugly things (D:15)
  A merfolk siren (Shoals:1)
  3 elephants (Lair:2)
  Maurice (D:11)
  2 guardian serpents
  2 ice statues (IceCv)
  3 gargoyles
  12 black mambas
  6 torpor snails (Lair:5)
  17 cane toads
  Psyche (D:10)
  A freezing wraith (IceCv)
  A yaktaur (D:15)
  A yaktaur (shapeshifter) (D:15)
  2 anaconda simulacra (IceCv)
  3 efreet
  6 komodo dragons
  2 rime drakes (D:11)
  A tengu conjurer (D:15)
  5 ice devils (IceCv)
  13 trolls
  A troll (shapeshifter) (D:14)
  4 polar bears
  4 meliai (D:15)
  10 hornets
  A wolf spider simulacrum (D:15)
  8 blink frogs
  A snapping turtle (Shoals:1)
  3 tyrant leeches (Lair:5)
  7 dream sheep (Lair:4)
  10 slime creatures
  A snapping turtle (shapeshifter) (D:15)
  4 shadows
  14 wyverns
  3 vampires
  A water elemental (D:15)
  A wraith (D:14)
  3 centaur simulacra (D:15)
  33 yaks
  2 dire elephant simulacra (IceCv)
  3 fire elementals (Lair:1)
  4 basilisks
  A steam dragon (D:4)
  18 vampire mosquitoes
  Grum (D:8)
  A death yak simulacrum (IceCv)
  2 redbacks (Lair:5)
  13 wargs
  A harpy simulacrum (IceCv)
  2 nagas (Lair:3)
  2 hell hounds (Lair:1)
  5 hydra simulacra (IceCv)
  2 acid dragons
  Duvessa (D:5)
  30 water moccasins
  A meliai simulacrum (D:15)
  2 ice beasts
  18 orc warriors
  4 black bears
  4 sky beasts (D:7)
  5 ogres
  11 wolves
  9 centaurs
  A phantom (D:5)
  Blork the orc (D:5)
  4 kobold brigands
  16 bullfrogs
  2 gnoll sergeants
  A two-headed ogre simulacrum (IceCv)
  2 scorpions (D:5)
  5 necrophages
  A cane toad simulacrum (IceCv)
  13 wights
  A hornet simulacrum (D:15)
  Dowan (D:5)
  An elephant simulacrum (IceCv)
  20 killer bees
  8 electric eels
  A crimson imp (D:4)
  12 hounds
  40 orc priests
  3 iguanas
  Jessica (D:3)
  Terence (D:2)
  26 orc wizards
  11 hell rats (Lair:5)
  2 spriggan simulacra (IceCv)
  A boggart simulacrum (D:15)
  11 gnolls
  10 adders
  2 shadow imps
  6 white imps
  5 ufetubi
  3 dart slugs
  A worm (D:3)
  110 orcs
  9 bats
  11 endoplasms
  2 giant cockroaches (D:3)
  11 goblins
  9 hobgoblins
  4 jackals (D:2)
  5 quokkas
  6 ball pythons
  4 frilled lizards
  14 kobolds
  6 rats
863 creatures vanquished.

Vanquished Creatures (others)
  A wolf spider simulacrum (D:15)
  Ijyb (D:3)
  A bush (Lair:5)
  30 fungi
  91 plants
124 creatures vanquished.

Grand Total: 987 creatures vanquished

Notes
Turn   | Place    | Note
-------+----------+-------------------------------------------
     0 | D:1      | Pooter the Minotaur Berserker began the quest for the Orb.
     0 | D:1      | Reached XP level 1. HP: 19/19 MP: 0/0
   204 | D:1      | Reached skill level 4 in Axes
   261 | D:1      | Reached XP level 2. HP: 22/27 MP: 1/1
   796 | D:1      | Reached skill level 1 in Stealth
   963 | D:2      | Found a faded altar of an unknown god.
   984 | D:2      | Reached XP level 3. HP: 29/33 MP: 2/2
  1158 | D:2      | Reached ** piety under Trog
  1233 | D:2      | Noticed Terence
  1243 | D:2      | Killed Terence
  1244 | D:2      | Reached skill level 5 in Axes
  1244 | D:2      | Reached XP level 4. HP: 16/40 MP: 3/3
  1971 | D:3      | Noticed Jessica
  1978 | D:3      | Killed Jessica
  1979 | D:3      | Reached skill level 1 in Ranged Weapons
  2018 | D:3      | Noticed Ijyb
  2023 | D:3      | Killed Ijyb
  2024 | D:3      | Reached XP level 5. HP: 38/47 MP: 4/4
  2125 | D:3      | Found a glowing silver altar of Zin.
  2646 | D:4      | Found an ornate altar of the Wu Jian Council.
  2670 | D:4      | Found a radiant altar of Vehumet.
  2670 | D:4      | Found a burning altar of Makhleb.
  2742 | D:4      | Found a large runed translucent door.
  2742 | D:4      | Found a large runed translucent door.
  2758 | D:4      | Reached skill level 1 in Polearms
  2759 | D:4      | Reached skill level 6 in Axes
  2759 | D:4      | Reached XP level 6. HP: 55/55 MP: 5/5
  2862 | D:4      | Reached skill level 5 in Fighting
  2866 | D:4      | Reached *** piety under Trog
  3427 | D:4      | Reached XP level 7. HP: 61/61 MP: 6/6
  3435 | D:4      | Noticed a steam dragon
  3482 | D:4      | Killed a steam dragon
  3543 | D:4      | Found a staircase to the Ecumenical Temple.
  3667 | D:4      | Reached skill level 7 in Axes
  3833 | D:4      | Found a hide-covered altar of Uskayaw.
  3839 | D:4      | Found a snail-covered altar of Cheibriados.
  3869 | D:5      | Entered Level 5 of the Dungeon
  3875 | D:5      | Noticed Duvessa
  3875 | D:5      | Noticed Dowan
  3880 | D:5      | Killed Duvessa
  3889 | D:5      | Killed Dowan
  3985 | D:5      | Reached XP level 8. HP: 70/70 MP: 7/7
  4065 | D:5      | Reached skill level 5 in Ranged Weapons
  4227 | D:5      | Reached skill level 8 in Axes
  4439 | D:5      | Noticed Blork the orc
  4443 | D:5      | Killed Blork the orc
  4729 | D:5      | Found Fefukergh's Magic Scroll Boutique.
  4736 | D:5      | Bought 3 scrolls of identify for 60 gold pieces
  4736 | D:5      | Bought a scroll of identify for 20 gold pieces
  4736 | D:5      | Bought a scroll of blinking for 75 gold pieces
  4736 | D:5      | Bought a scroll of magic mapping for 75 gold pieces
  4736 | D:5      | Bought a scroll of magic mapping for 75 gold pieces
  5450 | D:6      | Reached skill level 1 in Evocations
  5626 | D:6      | Reached **** piety under Trog
  5627 | D:6      | Reached XP level 9. HP: 78/78 MP: 8/8
  5697 | D:6      | Identified the +8 long sword of Responsibility {heavy,
                  | Dex+2}
  6102 | D:7      | Reached skill level 9 in Axes
  6463 | D:7      | Noticed Pikel
  6476 | D:7      | Killed Pikel
  6477 | D:7      | Reached skill level 5 in Polearms
  6874 | D:7      | Found an iron altar of Okawaru.
  6952 | D:7      | Reached skill level 10 in Axes
  6995 | D:7      | Noticed a deep elf pyromancer
  6995 | D:7      | Noticed a troll
  7207 | D:7      | Killed a troll
  7208 | D:7      | Reached XP level 10. HP: 80/86 MP: 9/9
  7417 | D:7      | Killed a deep elf pyromancer
  7442 | D:7      | Reached skill level 5 in Stealth
  7627 | D:7      | Found a shimmering altar of Xom.
  8159 | D:8      | Identified a scroll of acquirement
  8159 | D:8      | Acquired the +7 plate armour of the Three Servitors
                  | {Slay+3}
  8198 | D:8      | Reached skill level 11 in Axes
  8295 | D:8      | Noticed Grum
  8306 | D:8      | Killed Grum
  8492 | D:8      | Found a bloodstained altar of Trog.
  8492 | D:8      | Found an opulent altar of Gozag.
  8617 | D:8      | Found a sacrificial altar of Ru.
  8714 | D:9      | Identified the +7 long sword "Muuz" {freeze, +Blink rN+}
  8847 | D:9      | Reached XP level 11. HP: 69/95 MP: 10/10
  9141 | D:9      | Found a transporter.
  9141 | D:9      | Noticed mandoloar's ghost (novice DrCj)
  9143 | D:9      | Noticed a deep elf pyromancer
  9534 | D:9      | Found a transporter.
  9563 | D:9      | Found a staircase to the Orcish Mines.
  9731 | Orc:1    | Entered Level 1 of the Orcish Mines
 10079 | Orc:1    | Noticed an orc high priest
 10430 | Orc:1    | Noticed an orc sorcerer
 10431 | Orc:1    | Noticed an orc sorcerer
 10433 | Orc:1    | Noticed a sixfirhy
 10860 | D:9      | Killed an orc sorcerer
 10979 | Orc:1    | Paralysed by an orc sorcerer for 5 turns
 10983 | Orc:1    | Noticed a sun demon
 10983 | Orc:1    | Noticed a sixfirhy
 10991 | D:9      | Killed an orc sorcerer
 10992 | D:9      | Reached skill level 12 in Axes
 11095 | Orc:1    | Noticed a sixfirhy
 11099 | Orc:1    | Killed an orc high priest
 11100 | Orc:1    | Reached skill level 10 in Ranged Weapons
 11344 | Orc:1    | Noticed an orc knight
 11346 | Orc:1    | Noticed an orc knight
 11388 | Orc:1    | Killed an orc knight
 11390 | Orc:1    | Killed an orc knight
 11453 | Orc:1    | Noticed an orc knight
 11460 | Orc:1    | Killed an orc knight
 11603 | Orc:1    | Noticed an orc knight
 11613 | Orc:1    | Killed an orc knight
 11786 | Orc:1    | Reached skill level 5 in Evocations
 12589 | Orc:2    | Entered Level 2 of the Orcish Mines
 12599 | Orc:2    | Found a staircase to the Elven Halls.
 12995 | Orc:2    | Noticed an orc knight
 13014 | Orc:1    | Killed an orc knight
 13049 | Orc:2    | Noticed an orc sorcerer
 13160 | Orc:2    | Killed an orc sorcerer
 13184 | Orc:2    | Reached XP level 12. HP: 105/105 MP: 11/11
 13193 | Orc:2    | Noticed an orc high priest
 13205 | Orc:1    | Killed an orc high priest
 13277 | Orc:1    | Reached skill level 13 in Axes
 13482 | Orc:2    | Noticed an orc high priest
 13495 | Orc:2    | Killed an orc high priest
 13829 | Orc:2    | Paralysed by an orc sorcerer for 2 turns
 14552 | Orc:2    | Noticed an orc high priest
 14559 | Orc:2    | Killed an orc high priest
 15013 | Orc:2    | Noticed an ogre mage
 15022 | Orc:2    | Killed an ogre mage
 15723 | Orc:2    | Noticed an orc high priest
 15735 | Orc:2    | Killed an orc high priest
 16369 | Orc:2    | Reached skill level 10 in Fighting
 18293 | Orc:2    | Noticed an orc high priest
 18625 | Orc:2    | Killed an orc high priest
 18812 | Orc:2    | Noticed an orc high priest
 18821 | Orc:2    | Killed an orc high priest
 18900 | Orc:2    | Found Lovec's Antique Weapon Shoppe.
 19237 | Orc:2    | Noticed an orc high priest
 19559 | Orc:2    | Noticed an orc high priest
 19563 | Orc:2    | Killed an orc high priest
 19783 | Orc:2    | Found Qipael's General Store.
 19783 | Orc:2    | Found Cestehuel's Book Boutique.
 19788 | Orc:2    | Bought a scroll of teleportation for 39 gold pieces
 19788 | Orc:2    | Bought a potion of heal wounds for 65 gold pieces
 19788 | Orc:2    | Bought a scroll of identify for 26 gold pieces
 19788 | Orc:2    | Bought a wand of iceblast (4) for 124 gold pieces
 19824 | Orc:2    | Killed an orc high priest
 19851 | Orc:2    | Found Zedeutitt's Weapon Emporium.
 19851 | Orc:2    | Found Esanissa's Armour Boutique.
 20122 | D:9      | Reached skill level 14 in Axes
 20159 | D:9      | Found a staircase to the Lair.
 20488 | Lair:1   | Entered Level 1 of the Lair of Beasts
 20838 | Lair:1   | Found a transporter.
 20852 | Lair:1   | Found a transporter.
 20860 | Lair:1   | Reached XP level 13. HP: 114/114 MP: 12/12
 20924 | Lair:1   | Noticed Fannar
 20936 | Lair:1   | Killed Fannar
 23075 | Lair:3   | Reached skill level 15 in Axes
 23175 | Lair:3   | Found a staircase to the Snake Pit.
 23432 | Lair:3   | Identified the +1 leather armour of a sewer {+Inv rPois
                  | SInv Stlth+}
 23478 | Lair:3   | Found a staircase to the Shoals.
 23955 | Lair:3   | Reached skill level 5 in Armour
 24414 | Lair:3   | Upgraded the game from 0.30-a0-777-ga9a30cbeda to
                  | 0.30-a0-778-g2ef04afb54
 24567 | Lair:4   | You fall into a shaft and drop 1 floor!
 24567 | Lair:5   | Entered Level 5 of the Lair of Beasts
 24581 | Lair:5   | Reached XP level 14. HP: 110/124 MP: 13/13
 25155 | Lair:4   | Found a staircase to the Slime Pits.
 25453 | Lair:4   | Reached ***** piety under Trog
 25454 | Lair:4   | Reached skill level 16 in Axes
 28028 | Lair:5   | Found a runed translucent door.
 28990 | D:9      | Killed mandoloar's ghost
 28991 | D:9      | Reached XP level 15. HP: 133/133 MP: 14/14
 29056 | D:10     | Entered Level 10 of the Dungeon
 29217 | D:10     | Noticed Psyche
 29226 | D:10     | Killed Psyche
 29398 | D:10     | Found a white marble altar of Elyvilon.
 29539 | D:10     | Found a glowing golden altar of the Shining One.
 30053 | D:11     | Found a stormy altar of Qazlal.
 30178 | D:10     | Reached skill level 15 in Ranged Weapons
 30188 | D:10     | Reached skill level 17 in Axes
 30467 | D:11     | Found the +6 shillelagh "Devastator" {shatter}
 30496 | D:11     | Noticed Harold
 30506 | D:11     | Killed Harold
 30529 | D:11     | Noticed Maurice
 30539 | D:11     | Killed Maurice
 30548 | D:11     | Found a frozen archway.
 30580 | IceCv    | Entered an ice cave
 30793 | IceCv    | Received a gift from Trog
 31548 | D:11     | Found an iron altar of Okawaru.
 31682 | D:11     | Found Ygikki's One-of-a-Kind Rings.
 31687 | D:11     | Bought the ring "Taecuaff" {+Blink Dex+6 Slay+5 SInv} for
                  | 1126 gold pieces
 32563 | D:12     | Found Hak Quunk's Book Emporium.
 32726 | D:12     | Found a shimmering blue altar of Sif Muna.
 32985 | D:12     | Reached skill level 1 in Throwing
 33467 | D:13     | Received a gift from Trog
 33667 | D:13     | Found a gate to the Vaults.
 34921 | D:14     | Found a runed translucent gate.
 34922 | D:14     | Found a runed translucent gate.
 34923 | D:14     | Found a runed translucent gate.
 35750 | D:14     | Noticed TheSexyCheese's ghost (journeyman GrFi)
 35752 | D:14     | Identified the +7 falchion of the Nine Lovers {speed, rC+
                  | SInv}
 36031 | D:15     | Entered Level 15 of the Dungeon
 36311 | D:15     | Reached skill level 18 in Axes
 36907 | D:15     | Reached XP level 16. HP: 144/144 MP: 15/15
 38302 | D:15     | Found a staircase to the Depths.
 38886 | D:14     | Received a gift from Trog
 38888 | D:14     | Killed TheSexyCheese's ghost
 39256 | Shoals:1 | Entered Level 1 of the Shoals
 39447 | Shoals:1 | HP: 2/144 [centaur warrior/arrow (14)]
 39447 | Shoals:1 | Mangled by a merfolk

Illustrated notes

Levels and vault maps discovered:
D:1:      beargit_arrival_diablo_church, layout_basic
D:2:      layout_loops_ring, hellmonk_ecumenical_altar_lost_god, uniq_terence
D:3:      layout_rooms, zin_treasury, minmay_pentangle, uniq_jessica, uniq_ijyb
D:4:      layout_gridville, jmf_multi_god_temple2,
          nicolae_overflow_hidden_temple,
          grunt_temple_overflow_lords_of_destruction, temple_green
D:5:      layout_loops_corners, serial_shops, nicolae_shop_advertising_works
          [nicolae_subvault_shop_adworks], st_stairs_10, uniq_duvessa,
          uniq_blork_the_orc
D:6:      hellmonk_crumbling_castle, layout_basic
D:7:      nzn_winding_woodlands_medium [nzn_winding_woodlands_5x5_closed_star,
          nzn_winding_woodlands_5x15_zeroes,
          nzn_winding_woodlands_5x5_checkerboard,
          nzn_winding_woodlands_hourglass,
          nzn_winding_woodlands_center_triple_pond,
          nzn_winding_woodlands_5x5_default,
          nzn_winding_woodlands_5x5_perimeter,
          nzn_winding_woodlands_5x15_concentric,
          nzn_winding_woodlands_5x5_three], layout_cave_pods,
          amcnicky_altar_gilded, lemuel_round_altar, uniq_pikel
D:8:      layout_cave_pools, mainiacjoe_overflow_chevrons,
          gammafunk_temple_overflow_elements, uniq_grum
D:9:      layout_irregular_city, erik_lair_island, orc_0_dummy,
          gammafunk_ghost_arena
D:10:     layout_basic, tso_altar, mainiacjoe_overflow_alcove_4, uniq_psyche
D:11:     layout_big_octagon, portal_ice_cave_rime, serial_bayou_lagoon_a,
          serial_bayou_pond_a, hangedman_feature_mirror, nrook_mini_backslash,
          nicolae_shop_unique_rings, uniq_maurice, uniq_harold
D:12:     layout_gridville, serial_shops, nicolae_shop_waterfront,
          nicolae_sif_muna_little_library
D:13:     layout_layer_cave, david_vaults_1, nrook_guardian_serpent_double
D:14:     layout_basic, biasface_ghost_orc_armoury,
          nicolae_cairo_tiling_very_big, drop_trap
D:15:     hangedman_depths_entry_civil_slaughter, layout_loops_ring, serial_ice,
          serial_ice_c, serial_ice_f, serial_ice_o, serial_ice_n, serial_ice_e,
          serial_ice_i, serial_ice_a, serial_ice_g, serial_ice_h, serial_ice_b,
          hangedman_decor_lopped, minmay_fractal_squares_diagonal_5
Lair:1:   gammafunk_cloud_chamber, layout_regular_city, serial_bayou_shore_b,
          uniq_fannar
Lair:2:   layout_regular_city, beast_lair_carwin_4
Lair:3:   cheibrodos_lair_river_kwai, layout_gridlike,
          nicolae_shoals_entry_roost, guppyfry_snake_entry_island,
          serial_bayou_pond_b, lemuel_fruit_tree, infiniplex_staircase_pool_2
Lair:4:   layout_small_grid, dpeg_slime_entry_enclosed
Lair:5:   hangedman_lair_tendril_chambers, layout_cave_pods, wormcave
Shoals:1: layout_shoals
Orc:1:    layout_caves, special_room [special_room_orc]
Orc:2:    st_orc_town, layout_caves, guppyfry_orc_lava_fort

Skill      XL: |  1  2  3  4  5  6  7  8  9 10 11 12 13 14 15 16 |
---------------+-------------------------------------------------+-----
Axes           | 4 5 6 7 8 10 11 12 14 15 16 18 | 18.7
Fighting       | 4 5 6 7 8 9 10 11 12 13 | 13.6
Stealth        | 1 2 3 4 5 6 7 8 9 |  9.4
Ranged Weapons | 1 2 3 4 6 7 9 10 12 13 14 16 | 16.7
Polearms       | 1 2 3 4 5 6 8 9 |  9.1
Evocations     | 1 2 4 5 6 7 8 |  8.4
Armour         | 3 5 7 9 |  9.8
Throwing       | 3 4 |  4.3
Dodging        | |  2.1

Action                     |  1- 3 |  4- 6 |  7- 9 | 10-12 | 13-15 | 16-18 || total
---------------------------+-------+-------+-------+-------+-------+-------++-------
  Melee: Hand axe          |    66 |       |       |       |       |       ||    66
         Headbutt          |     8 |     9 |    28 |    55 |    94 |    14 ||   208
         War axe           |    24 |    80 |     5 |       |       |       ||   109
         Bardiche          |       |    41 |   194 |   341 |       |       ||   576
         Punch             |       |     2 |       |       |       |       ||     2
         Unarmed           |       |       |     4 |       |       |       ||     4
         Battleaxe         |       |       |       |    13 |   386 |       ||   399
         Mace              |       |       |       |       |     4 |       ||     4
         Executioner's axe |       |       |       |       |    74 |    58 ||   132
   Fire: Sling             |       |    42 |    38 |       |       |       ||    80
         Shortbow          |       |       |       |   145 |       |       ||   145
         Arbalest          |       |       |       |   179 |   421 |    95 ||   695
  Throw: Stone             |     6 |       |     2 |       |       |       ||     8
         Dart              |       |       |     1 |     2 |     6 |       ||     9
         Boomerang         |       |       |       |     8 |     3 |       ||    11
         Javelin           |       |       |       |     1 |       |       ||     1
 Invoke: Berserk           |       |     2 |     4 |    18 |    15 |     3 ||    42
         Trog's Hand       |       |     1 |     4 |    25 |    21 |     7 ||    58
  Evoke: Wand              |       |     1 |    11 |    30 |    13 |       ||    55
         Piece from Xom's  |       |       |       |       |     2 |       ||     2
    Use: Scroll            |     4 |       |     8 |    10 |    19 |     2 ||    43
         Potion            |       |       |       |       |     6 |     4 ||    10
   Stab: Sleeping          |     1 |       |       |       |       |       ||     1
         Invisible         |       |       |     3 |    11 |       |       ||    14
         Paralysed         |       |       |       |     1 |       |       ||     1
 Armour: Animal skin       |    27 |    11 |       |       |       |       ||    38
         Chain mail        |       |    70 |   155 |    25 |       |       ||   250
         Plate armour      |       |       |       |   402 |   485 |    63 ||   950
  Dodge: Dodged            |    59 |    57 |    75 |   184 |   241 |    36 ||   652
  Block: Buckler           |     5 |     2 |       |       |       |       ||     7
         Other             |       |     7 |    54 |   133 |   157 |    18 ||   369
         Reflection        |       |       |     1 |     6 |     7 |     5 ||    19

Table legend: (Time is in decaauts)
 A = Elapsed time spent in this place.
 B = Non-inter-level travel time spent in this place.
 C = Inter-level travel time spent in this place.
 D = Time resting spent in this place.
 E = Time spent auto-exploring this place.
 F = Levels seen in this place.
 G = Mean time per level.
                   A        B        C        D        E       F      G
               +--------+--------+--------+--------+--------+-----+--------+
         Total |  40593 |  39416 |   1177 |  17772 |  15272 |  24 | 1691.4 |
       Dungeon |  20972 |  20288 |    684 |   6384 |  10333 |  15 | 1398.1 |
          Lair |   8806 |   8400 |    406 |   2944 |   3977 |   5 | 1761.2 |
        Shoals |    193 |    193 |      0 |    157 |      1 |   1 |  193.0 |
  Orcish Mines |   9810 |   9724 |     86 |   7879 |    784 |   2 | 4905.0 |
      Ice Cave |    809 |    809 |      0 |    407 |    176 |   1 |  809.0 |
               +--------+--------+--------+--------+--------+-----+--------+

Top non-repeatable levels by time:
   Orc:2: 6979 daAuts
  Lair:5: 3198 daAuts
   Orc:1: 2831 daAuts
    D:15: 2674 daAuts
     D:9: 2500 daAuts
     D:7: 2081 daAuts
  Lair:3: 1654 daAuts
    D:14: 1603 daAuts
  Lair:1: 1532 daAuts
    D:13: 1517 daAuts
    D:10: 1421 daAuts
    D:12: 1420 daAuts
     D:4: 1356 daAuts
  Lair:4: 1300 daAuts
  Lair:2: 1121 daAuts
